 Dungeon Crawl Stone Soup version 0.27.0-1-g7a089689b8 (webtiles) character file.

Game seed: 9451688492488752871

208 tilp the Cudgeller (level 5, 0/52 (54) HPs)
             Began as an Ogre Delver on Aug 6, 2021.
             Slain by a goblin (6 damage)
             ... led by Robin
             ... on level 2 of the Dungeon.
             The game lasted 00:05:07 (3205 turns).

tilp the Cudgeller (Ogre Delver)                    Turns: 3205, Time: 00:05:08

HP:   0/52 (54)     AC:  5    Str: 17    XL:     5   Next: 86%
MP:   5/5           EV: 10    Int: 11    God:
Gold: 123           SH:  0    Dex: 10    Spells: 4/4 levels left

rFire    . . .     SeeInvis .   a - +1 morningstar
rCold    . . .     Faith    .   (no shield)
rNeg     . . .     Spirit   .   s - +2 robe {Archmagi}
rPois    .         Reflect  .   (helmet restricted)
rElec    .         Harm     .   (no cloak)
rCorr    .         Rampage  .   (gloves unavailable)
Will     .....     Archmagi +   (boots unavailable)
Stlth    ++........             (no amulet)
HPRegen  0.17/turn              (no ring)
MPRegen  0.09/turn              (no ring)

@: lightly drained
A: large, unfitting armour, tough skin 1
a: no special abilities


You were on level 2 of the Dungeon.
You visited 1 branch of the dungeon, and saw 5 of its levels.

You collected 123 gold pieces.

Inventory:

Hand Weapons
 a - a +1 morningstar (weapon)
 b - a +0 mace
 i - a +2 short sword of flaming
Missiles
 k - 2 boomerangs (quivered)
 q - 5 stones
Armour
 s - a +2 robe of the Archmagi (worn)
Wands
 g - a wand of digging (3)
Scrolls
 c - 2 scrolls of fog
Potions
 d - a potion of attraction
 e - a potion of brilliance
 f - 2 potions of haste
 m - a potion of lignification
 n - a potion of berserk rage {unknown}
 o - a potion of magic {unknown}
 p - 2 potions of mutation
 r - a potion of ambrosia {unknown}


   Skills:
 - Level 4.0 Fighting
 + Level 5.1 Maces & Flails
 - Level 2.0 Dodging
 - Level 4.0 Stealth


You had 4 spell levels left.
You didn't know any spells.
Your spell library contained the following spells:

 Spells                   Type           Power      Damage    Failure   Level
 Summon Small Mammal      Summ           0%         N/A       34%         1
 Call Canine Familiar     Summ           0%         N/A       71%         3
 Portal Projectile        Hex/Tloc       0%         N/A       71%         3
 Summon Guardian Golem    Hex/Summ       0%         N/A       71%         3
 Leda's Liquefaction      Hex/Erth       0%         N/A       98%         4


Dungeon Overview and Level Annotations

Branches:
Dungeon (5/15)
 Temple: D:4-7

Altars:

Annotations:
D:2 1 runed translucent door, Crazy Yiuf, Robin


Innate Abilities, Weirdness & Mutations

You are too large for most types of armour.
You have tough skin. (AC +1)


Message History

You barely miss the goblin. The goblin closely misses you.
The goblin hits you with a +0 dagger. The goblin hits you but does no damage.
The hobgoblin hits you but does no damage.
The goblin closely misses you.
Robin roars a battlecry!
The goblins go into a battle-frenzy!
You sock the goblin!
You kill the goblin!
The goblin closely misses you. The hobgoblin hits you.
Robin throws the goblin at you!
You miss the goblin. The goblin barely misses you. The hobgoblin hits you.
The goblin barely misses you. The goblin hits you but does no damage.
The goblin hits you with a +0 dagger. The goblin hits you but does no damage.
You barely miss the goblin. The hobgoblin hits you.
The goblin closely misses you.
The goblin hits you with a +0 dagger. x2
The goblin hits you with a +0 club. The hobgoblin barely misses you.
You barely miss the goblin. The goblin hits you with a +0 dagger.
The goblin closely misses you. The goblin barely misses you.
The goblin closely misses you. The hobgoblin barely misses you.
Robin throws the goblin at you!
You barely miss the goblin. The goblin hits you but does no damage.
The goblin hits you with a +0 dagger. The goblin closely misses you.
The goblin barely misses you. The hobgoblin hits you.
The goblin hits you with a +0 dagger.
* * * LOW HITPOINT WARNING * * *
The goblin closely misses you. The goblin hits you but does no damage.
You hit the goblin.
You kill the goblin!
The goblin hits you with a +0 club.
* * * LOW HITPOINT WARNING * * *
The hobgoblin hits you.
* * * LOW HITPOINT WARNING * * *
Robin hits you with a +2 short sword of draining.
* * * LOW HITPOINT WARNING * * *
You feel drained.
* * * LOW HITPOINT WARNING * * *
The goblin closely misses you. The goblin hits you with a +0 dagger.
* * * LOW HITPOINT WARNING * * *
The goblin hits you with a +0 club.
You die...

### #...#.#+##..#..#
#.###.##... #.#
#.##.#.........# #.#
#....≈≈ #.#
#..............###.#
#.#..≈≈
#.####....#.............#
#.##.≈≈
##.....#.....#.....####.#
#.##.≈≈
#.####.g.#.._..##..# #.#
#...... #..#
#.....#.#.....# #.#
####### #..#
#.....#.#.g#).####.# #..#
#.........g@g......# #..#
#.g..##...gg#..##### ##.#
#.#.#.#######..# ##.#
#.......... .## ...#
#..###.#### ## ##
######......# #.
.......###### #. ##..####
#. ##..# #.


You could see Robin, a hobgoblin (strong) and 3 goblins.

Vanquished Creatures
  A bullfrog zombie (D:5)
  A hound (D:2)
  Natasha (D:2)
  An iguana (D:3)
  2 adders
  4 dart slugs
  4 orcs (D:3)
  4 endoplasms
  A giant cockroach (D:3)
  3 hobgoblins
  10 jackals
  3 quokkas
  2 ball pythons (D:1)
  7 bats
  A frilled lizard (D:2)
  8 goblins
  4 kobolds
  5 rats
62 creatures vanquished.

Vanquished Creatures (others)
  2 fungi (D:3)
2 creatures vanquished.

Grand Total: 64 creatures vanquished

Notes
Turn   | Place    | Note
-------+----------+-------------------------------------------
     0 | D:5      | tilp the Ogre Delver began the quest for the Orb.
     0 | D:5      | Reached XP level 1. HP: 24/24 MP: 1/1
    35 | D:5      | Reached skill level 3 in Maces & Flails
    35 | D:5      | Reached XP level 2. HP: 4/32 MP: 2/2
    35 | D:5      | Reached XP level 3. HP: 4/39 MP: 3/3
   878 | D:3      | Reached skill level 4 in Maces & Flails
   878 | D:3      | Reached XP level 4. HP: 15/48 MP: 4/4
  1329 | D:2      | Found a faded altar of an unknown god.
  1611 | D:2      | Reached XP level 5. HP: 48/54 MP: 5/5
  1655 | D:2      | Found a runed translucent door.
  1656 | D:2      | Noticed Crazy Yiuf
  2010 | D:2      | Noticed Robin
  3032 | D:2      | Noticed Natasha
  3047 | D:2      | Killed Natasha
  3048 | D:2      | Reached skill level 5 in Maces & Flails
  3205 | D:2      | Slain by a goblin

Illustrated notes

Levels and vault maps discovered:
D:1:      dpeg_arrival_radiant, layout_loops_corners
D:2:      layout_loops_ring, serial_aquarium, aquarium_bridge_island_small
          [aquarium_subvault_small_water, aquarium_subvault_wall,
          aquarium_subvault_window, aquarium_subvault_window,
          aquarium_subvault_bridge], aquarium_window_fake,
          aquarium_window_corner, aquarium_view_2c, aquarium_view_2a,
          aquarium_pool_1, hellmonk_ecumenical_altar_blasted, minivault_14,
          bh_walls_and_bars, uniq_crazy_yiuf_cottage, uniq_robin, uniq_natasha
D:3:      minmay_general_purpose_star, layout_basic,
          mainiacjoe_overflow_boulevard
D:4:      minmay_diamond_boxcup, layout_basic, minitemple,
          minmay_misc_feat_pillars, minivault_26, uniq_pikel
D:5:      layout_rooms, nicolae_ru_the_path_less_chosen,
          mainiacjoe_overflow_six_doors_small, amcnicky_altar_gilded

Skill      XL: |  1  2  3  4  5 |
---------------+----------------+-----
Maces & Flails | 3 4 5 |  5.1
Dodging        | 2 |  2.0
Stealth        | 4 |  4.0
Fighting       | |  4.0

Action                   |  1- 3 |  4- 6 || total
-------------------------+-------+-------++-------
Melee: Mace              |    48 |    27 ||    75
       Morningstar       |       |   143 ||   143
Throw: Boomerang         |       |     3 ||     3
  Use: Scroll            |     1 |     7 ||     8
 Stab: Sleeping          |     2 |     2 ||     4
Armor: Robe              |    15 |    99 ||   114
Dodge: Dodged            |    18 |   148 ||   166
